 Dungeon Crawl Stone Soup version 0.26.1-11-gd32895ea62 (webtiles) character file.

Game seed: 7958537210402859079

1962 phalm the Conjurer (level 9, -19/65 HPs)
             Began as a Gnoll Conjurer on June 12, 2021.
             Was a Believer of Cheibriados.
             Demolished by an orc warrior
             ... wielding a +0 halberd
              (31 damage)
             ... in a bailey.
             The game lasted 00:14:10 (7124 turns).

phalm the Conjurer (Gnoll Conjurer)                 Turns: 7124, Time: 00:14:10

Health: -19/65     AC:  5    Str: 17    XL:     9   Next: 19%
Magic:  5/18       EV: 17    Int: 29    God:    Cheibriados [**....]
Gold:   112        SH:  0    Dex: 19    Spells: 10/21 levels left

rFire    + . .     SeeInvis +   b - +8 dire flail of the Equinox {freeze, *Noise +Inv rC+ SInv}
rCold    + + .     Faith    .   (shield currently unavailable)
rNeg     . . .     Spirit   .   h - +1 robe {rC+ rF+}
rPois    .         Reflect  .   e - +0 helmet
rElec    .         Harm     .   o - +0 cloak
rCorr    .         Rampage  .   (no gloves)
Will     .....                  (no boots)
Stlth    +++.......             (no amulet)
HPRegen  0.20/turn              L - ring of flight
MPRegen  0.16/turn              (no ring)

@: very slow
A: distributed training, fangs 1, strong nose
a: Renounce Religion, Evoke Invisibility, Evoke Flight, Bend Time


You were in a bailey.
You worshipped Cheibriados.
Cheibriados was pleased with you.
You visited 2 branches of the dungeon, and saw 8 of its levels.
You also visited: Bailey.

You collected 222 gold pieces.
You spent 110 gold pieces at shops.


Innate Abilities, Weirdness & Mutations

Your experience applies equally to all skills.
You have very sharp teeth.
Your uncanny sense of smell can sniff out nearby items.


   Skills:
 + Level 4.0 Fighting
 + Level 4.0 Short Blades
 + Level 4.0 Long Blades
 + Level 4.0 Axes
 + Level 4.0 Maces & Flails
 + Level 4.0 Polearms
 + Level 4.0 Staves
 + Level 4.0 Slings
 + Level 4.0 Bows
 + Level 4.0 Crossbows
 + Level 4.0 Throwing
 + Level 4.0 Armour
 + Level 6.1 Dodging
 + Level 5.8 Stealth
 + Level 4.0 Shields
 + Level 4.0 Unarmed Combat
 + Level 6.5 Spellcasting
 + Level 7.9 Conjurations
 + Level 3.3 Hexes
 + Level 3.3 Summonings
 + Level 3.3 Necromancy
 + Level 3.3 Translocations
 + Level 3.3 Transmutations
 + Level 3.3 Fire Magic
 + Level 3.3 Ice Magic
 + Level 3.3 Air Magic
 + Level 3.3 Earth Magic
 + Level 3.3 Poison Magic
 + Level 4.4 Invocations
 + Level 4.0 Evocations


You had 10 spell levels left.
You knew the following spells:

 Your Spells              Type           Power        Failure   Level
f - Fulminant Prism       Conj/Hex       21%          5%          4
m - Magic Dart            Conj           100%         1%          1
s - Searing Ray           Conj           100%         1%          2
X - Iskenderun's Mystic   Conj/Tloc      42%          5%          4

Your spell library contained the following spells:

 Spells                   Type           Power        Failure   Level
 Animate Skeleton         Necr           56%          1%          1
 Apportation              Tloc           56%          1%          1
 Corona                   Hex            31%          1%          1
 Sandblast                Erth           56%          1%          1
 Summon Small Mammal      Summ           100%         1%          1
 Blink                    Tloc           N/A          1%          2
 Call Imp                 Summ           28%          1%          2
 Passwall                 Tmut/Erth      23%          1%          2
 Slow                     Hex            28%          1%          2
 Conjure Flame            Conj/Fire      42%          1%          3
 Dazzling Flash           Conj/Hex       84%          1%          3
 Stone Arrow              Conj/Erth      84%          1%          3
 Mephitic Cloud           Conj/Pois/Air  37%          2%          3
 Petrify                  Tmut/Erth      28%          14%         4
 Lee's Rapid Deconstruct  Erth           14%          36%         5

Inventory:

Hand Weapons
 a - a +5 hunting sling
   (You found it on level 6 of the Dungeon)
 b - the +8 dire flail of the Equinox (weapon) {freeze, *Noise +Inv rC+ SInv}
   (You took it off an ogre on level 5 of the Dungeon)

   It has been specially enchanted to freeze those struck by it, causing extra
   injury to most foes and up to half again as much damage against particularly
   susceptible opponents.
   It can also slow down cold-blooded creatures.
   It protects you from cold.
   It lets you see invisible.
   It lets you turn invisible.
   It may make noises in combat.
 z - a +2 flail of protection
   (You took it off an orc on level 4 of the Dungeon)
 D - a +0 spear
   (You took it off a hobgoblin on level 7 of the Dungeon)
Missiles
 n - 10 poisoned darts
 r - 3 boomerangs of dispersal {=f!f}
 w - 7 javelins
 x - 5 boomerangs
 y - 3 atropa-tipped darts
Armour
 e - a +0 helmet (worn)
   (You found it on level 5 of the Dungeon)
 h - a +1 robe of resistance (worn)
   (You took it off Blork the orc on level 5 of the Dungeon)
 o - a +0 cloak (worn)
   (You took it off Crazy Yiuf on level 2 of the Dungeon)
Jewellery
 L - a ring of flight (left hand)
   (You found it on level 4 of the Dungeon)
Wands
 m - a wand of acid (20)
   (You found it on level 5 of the Dungeon)
 q - a wand of digging (5)
   (You found it on level 5 of the Dungeon)
Scrolls
 c - 3 scrolls of noise {!r}
 d - 4 scrolls of teleportation {@r4}
 f - a scroll of magic mapping {!r}
 g - 2 scrolls of blinking {!r}
 j - 2 scrolls of enchant armour
 l - 3 scrolls of remove curse {@r2}
 v - 2 scrolls of enchant weapon {unknown}
 A - a scroll of fog
 B - a scroll of identify {@r1}
Potions
 i - 2 potions of haste {forbidden@q3}
 k - 3 potions of heal wounds {unknown}
 p - 2 potions of might {unknown}
 s - 2 potions of curing {@q1}
 t - a potion of lignification {unknown}
 u - 2 potions of berserk rage {unknown}
 C - a potion of mutation {unknown}

Dungeon Overview and Level Annotations

Branches:
Dungeon (7/15)             Temple (1/1) D:4          Bailey (1/1)

Altars:
Cheibriados
Dithmenos
Fedhas
Hepliaklqana
Kikubaaqudgha
Makhleb
Nemelex Xobeh
Okawaru
Qazlal
Sif Muna
Trog
Uskayaw
Vehumet
Xom
Yredelemnul
Zin
The Shining One

Shops:
D:4 * D:6

? ### ##@##
#.∩.# #o)o#
≈...*...
oo≈.......≈o
≈o≈≈.......≈≈o≈
≈≈≈..#...#..≈≈≈
....##...##....
#### ##∩## ####


You could see an orc knight, an orc warrior (strong) and a friendly fulminant
prism.


Message History

You regained 4 hp, and now have 37/65 hp.
Your mp is fully restored (18).
You start resting.
You hear the faint creaking of a portcullis.
You hear the faint creaking of a portcullis.
You hear the creaking of a portcullis. 😎 HP[+28]
Your hp is fully restored (65).
The world spins around you as you enter the gateway.
You enter a bailey! 2 orcs, 2 orc warriors and 2 orc knights come into view.
Found two gates leading back out of this place.
There is an empty arch of ancient stone here.
There is a gate leading back out of this place here.
The orc shouts!
The orc warrior shouts!
An orc warrior comes into view. It is wielding a +0 arbalest.
Found a gate leading back out of this place.
The orc shouts!
You hear a shout! x5; The orc knight shouts!
There is a gate leading back out of this place here.
The magic dart hits the orc but does no damage.
You hear a shout!
An orc warrior comes into view. It is wielding a +0 halberd.
You hear a shout! 😎 MP[-1]
You lost 1 mp, and now have 17/18 mp.
The magic dart hits the orc warrior but does no damage. 😎 MP[-1]
You lost 1 mp, and now have 16/18 mp.
This spell is dangerous to cast!
Memorise Mephitic Cloud, consuming 3 spell levels and leaving 7?
The orc warrior misses you.
You start memorising the spell.
You continue memorising.
The orc misses you. The orc warrior barely misses you.
The orc knight roars a battlecry!
The orcs go into a battle-frenzy!
You hear a shout!
You continue memorising.
The orc hits you but does no damage.
Your memorisation is interrupted.
The orc warrior hits you from afar with a +0 halberd! 😕 HP[-12]
You take 12 damage, and now have 53/65 hp.
Casting: Magic Dart (safe; 1% risk of failure)
Confirm with . or Enter, or press ? or * to list all spells.
You don't know that spell.
Casting: Magic Dart (safe; 1% risk of failure)
Confirm with . or Enter, or press ? or * to list all spells.
Okay, then.
Casting: Magic Dart (safe; 1% risk of failure)
Confirm with . or Enter, or press ? or * to list all spells.
Aiming: Fulminant Prism (dangerous; 5% risk of failure)
Press: ? - help, Dir - move target, p - orc warrior You conjure a prism of explosive energy!
A fulminant prism comes into view.
The orc hits you from afar with a +0 spear.
The orc warrior closely misses you. 😕 HP[-2] MP[-3]
You take 2 damage, and now have 51/65 hp.
You lost 3 mp, and now have 13/18 mp.
Casting: Fulminant Prism (dangerous; 5% risk of failure)
Confirm with . or Enter, or press ? or * to list all spells.
Aiming: Searing Ray (safe; 1% risk of failure)
Press: ? - help, Shift-Dir - straight line, f - orc knight
Aim: an orc knight, wielding a -3 halberd and wearing a +0 plate armour (17% to evade)
The searing ray misses the orc knight. (Press . to maintain the ray.)
The orc closely misses you.
The orc knight hits you from afar with a cursed -3 halberd!!
* * * LOW HITPOINT WARNING * * *
Your fulminant prism crackles loudly.
The orc warrior closely misses you. 😨 HP[-20] MP[-2]
You take 20 damage, and now have 31/65 hp.
MASSIVE DAMAGE!! (PAUSE)
You lost 2 mp, and now have 11/18 mp.
The searing ray hits the orc knight!
The orc misses you.
The blast of energy engulfs the orc warrior!!
The blast of energy engulfs the orc!!
You kill the orc!
Cheibriados appreciates the change of pace.
The blast of energy engulfs the orc knight!!
You hear a shout! x3 😨 HP[+1] MP[-1]
You lost 1 mp, and now have 10/18 mp.
The searing ray misses the orc knight.
The orc warrior hits you from afar with a +0 halberd!
* * * LOW HITPOINT WARNING * * *
The orc knight hits you from afar with a cursed -3 halberd.
* * * LOW HITPOINT WARNING * * *
😱 HP[-20] MP[-1]
You take 20 damage, and now have 12/65 hp.
MASSIVE DAMAGE!! (PAUSE)
You lost 1 mp, and now have 9/18 mp.
Casting: Searing Ray (safe; 1% risk of failure)
Confirm with . or Enter, or press ? or * to list all spells.
Aiming: Fulminant Prism (dangerous; 5% risk of failure)
Press: ? - help, Dir - move target, p - orc knight You conjure a prism of explosive energy!
A fulminant prism comes into view.
The orc warrior hits you from afar with a +0 halberd!!
You die...

Skill      XL: |  1  2  3  4  5  6  7  8  9 |
---------------+----------------------------+-----
Fighting       | 1 2 3 4 |  4.0
Short Blades   | 1 2 3 4 |  4.0
Long Blades    | 1 2 3 4 |  4.0
Axes           | 1 2 3 4 |  4.0
Maces & Flails | 1 2 3 4 |  4.0
Polearms       | 1 2 3 4 |  4.0
Staves         | 1 2 3 4 |  4.0
Slings         | 1 2 3 4 |  4.0
Bows           | 1 2 3 4 |  4.0
Crossbows      | 1 2 3 4 |  4.0
Throwing       | 1 2 3 4 |  4.0
Armour         | 1 2 3 4 |  4.0
Shields        | 1 2 3 4 |  4.0
Unarmed Combat | 1 2 3 4 |  4.0
Spellcasting   | 5 6 |  6.5
Hexes          | 1 2 3 |  3.3
Summonings     | 1 2 3 |  3.3
Necromancy     | 1 2 3 |  3.3
Translocations | 1 2 3 |  3.3
Transmutations | 1 2 3 |  3.3
Fire Magic     | 1 2 3 |  3.3
Ice Magic      | 1 2 3 |  3.3
Air Magic      | 1 2 3 |  3.3
Earth Magic    | 1 2 3 |  3.3
Poison Magic   | 1 2 3 |  3.3
Invocations    | 1 2 3 4 |  4.4
Evocations     | 1 2 3 4 |  4.0
Dodging        | 5 6 |  6.1
Stealth        | 5 |  5.8
Conjurations   | |  7.9

Action                   |  1- 3 |  4- 6 |  7- 9 || total
-------------------------+-------+-------+-------++-------
Melee: Flail             |       |       |     6 ||     6
       Dire flail        |       |       |    30 ||    30
       Bite              |       |       |     2 ||     2
       Punch             |       |       |     1 ||     1
 Cast: Magic Dart        |    19 |    52 |   159 ||   230
       Searing Ray       |     3 |     4 |    25 ||    32
       Iskenderun's Myst |       |       |     4 ||     4
       Fulminant Prism   |       |       |     4 ||     4
Evoke: Wand              |       |       |     1 ||     1
  Use: Scroll            |       |       |     6 ||     6
Armor: Robe              |       |       |    54 ||    54
Dodge: Dodged            |     5 |     4 |   145 ||   154

Levels and vault maps discovered:
D:1:      dpeg_arrival_simpleton_a, layout_basic
D:2:      layout_loops_ring, guppyfry_early_lair_pool, uniq_sigmund,
          uniq_crazy_yiuf_cottage
D:3:      layout_rooms, amcnicky_mini_pool_small, serial_bayou_pond_d,
          uniq_grinder
D:4:      layout_cave_pools, minmay_temple_entry_gardened_gates,
          serial_column_ruins, column_ruins_hut_ruined, column_ruins_hut_water,
          column_ruins_open_tiny, column_ruins_corridor_water,
          column_ruins_columns_straight, column_ruins_columns_plus,
          column_ruins_columns_straight, serial_shops, shop, uniq_menkaure
D:5:      cheibrodos_quashed, layout_layer_cave, gammafunk_ghost_smash,
          grunt_decor_junction, trog_butcher_becter, uniq_blork_the_orc
D:6:      layout_basic, grunt_dithmenos_smoke_and_mirrors, serial_shops, shop
D:7:      layout_loops_corners, gammafunk_ghost_mausoleum, serial_shops,
          nicolae_shop_competitors_out_of_business, enter_bailey_4
Temple:   dpeg_three_leaves_temple
Bailey:   bailey_polearm_4, bailey

Notes
Turn   | Place    | Note
-------+----------+-------------------------------------------
     0 | D:1      | phalm the Gnoll Conjurer began the quest for the Orb.
     0 | D:1      | Reached XP level 1. HP: 13/13 MP: 6/6
     0 | D:1      | magus.rc [v1.9.10]
   271 | D:1      | Reached XP level 2. HP: 19/19 MP: 3/7
   275 | D:1      | Learned a level 2 spell: Searing Ray
   876 | D:2      | Noticed Sigmund
   886 | D:2      | HP: 3/20 [Sigmund/+0 scythe (17)]
   887 | D:2      | Killed Sigmund
   888 | D:2      | Reached skill level 1 in Fighting
   888 | D:2      | Reached skill level 1 in Short Blades
   888 | D:2      | Reached skill level 1 in Long Blades
   888 | D:2      | Reached skill level 1 in Axes
   888 | D:2      | Reached skill level 1 in Maces & Flails
   888 | D:2      | Reached skill level 1 in Polearms
   888 | D:2      | Reached skill level 1 in Staves
   888 | D:2      | Reached skill level 1 in Slings
   888 | D:2      | Reached skill level 1 in Bows
   888 | D:2      | Reached skill level 1 in Crossbows
   888 | D:2      | Reached skill level 1 in Throwing
   888 | D:2      | Reached skill level 1 in Armour
   888 | D:2      | Reached skill level 1 in Shields
   888 | D:2      | Reached skill level 1 in Unarmed Combat
   888 | D:2      | Reached skill level 5 in Spellcasting
   888 | D:2      | Reached skill level 1 in Hexes
   888 | D:2      | Reached skill level 1 in Summonings
   888 | D:2      | Reached skill level 1 in Necromancy
   888 | D:2      | Reached skill level 1 in Translocations
   888 | D:2      | Reached skill level 1 in Transmutations
   888 | D:2      | Reached skill level 1 in Fire Magic
   888 | D:2      | Reached skill level 1 in Ice Magic
   888 | D:2      | Reached skill level 1 in Air Magic
   888 | D:2      | Reached skill level 1 in Earth Magic
   888 | D:2      | Reached skill level 1 in Poison Magic
   888 | D:2      | Reached skill level 1 in Invocations
   888 | D:2      | Reached skill level 1 in Evocations
   888 | D:2      | Reached XP level 3. HP: 4/26 MP: 0/9
   888 | D:2      | Reached XP level 4. HP: 5/32 MP: 0/11
   888 | D:2      | Reached XP level 5. HP: 5/37 MP: 0/12
  1205 | D:2      | Learned a level 4 spell: Fulminant Prism
  1210 | D:2      | Learned a level 4 spell: Iskenderun's Mystic Blast
  1659 | D:2      | Found a runed translucent door.
  1660 | D:2      | Noticed Crazy Yiuf
  1797 | D:2      | Killed Crazy Yiuf
  1799 | D:2      | HP: 9/38 [poisoned by Crazy Yiuf]
  1806 | D:2      | HP: 8/38 [poisoned by Crazy Yiuf]
  1814 | D:2      | HP: 7/38 [poisoned by Crazy Yiuf]
  2169 | D:3      | Reached XP level 6. HP: 44/44 MP: 10/13
  2180 | D:3      | Reached skill level 2 in Invocations
  2632 | D:3      | Noticed Grinder
  2664 | D:3      | Killed Grinder
  2665 | D:3      | Reached skill level 2 in Fighting
  2665 | D:3      | Reached skill level 2 in Short Blades
  2665 | D:3      | Reached skill level 2 in Long Blades
  2665 | D:3      | Reached skill level 2 in Axes
  2665 | D:3      | Reached skill level 2 in Maces & Flails
  2665 | D:3      | Reached skill level 2 in Polearms
  2665 | D:3      | Reached skill level 2 in Staves
  2665 | D:3      | Reached skill level 2 in Slings
  2665 | D:3      | Reached skill level 2 in Bows
  2665 | D:3      | Reached skill level 2 in Crossbows
  2665 | D:3      | Reached skill level 2 in Throwing
  2665 | D:3      | Reached skill level 2 in Armour
  2665 | D:3      | Reached skill level 5 in Dodging
  2665 | D:3      | Reached skill level 2 in Shields
  2665 | D:3      | Reached skill level 2 in Unarmed Combat
  2665 | D:3      | Reached skill level 2 in Evocations
  2665 | D:3      | Reached XP level 7. HP: 35/50 MP: 5/15
  2793 | D:3      | You pick up a book of Cantrips and begin reading...
  2793 | D:3      | You add the spells Corona, Animate Skeleton, Summon Small
                  | Mammal and Apportation to your library.
  3129 | D:4      | Noticed Menkaure
  3131 | D:4      | Killed Menkaure
  3132 | D:4      | Reached skill level 2 in Hexes
  3132 | D:4      | Reached skill level 2 in Summonings
  3132 | D:4      | Reached skill level 2 in Necromancy
  3132 | D:4      | Reached skill level 2 in Translocations
  3132 | D:4      | Reached skill level 2 in Transmutations
  3132 | D:4      | Reached skill level 2 in Fire Magic
  3132 | D:4      | Reached skill level 2 in Ice Magic
  3132 | D:4      | Reached skill level 2 in Air Magic
  3132 | D:4      | Reached skill level 2 in Earth Magic
  3132 | D:4      | Reached skill level 2 in Poison Magic
  3188 | D:4      | Found Jima's General Store.
  3232 | D:4      | Bought a potion of curing for 33 gold pieces
  3249 | D:4      | Reached skill level 5 in Stealth
  3324 | D:4      | Found a staircase to the Ecumenical Temple.
  3332 | Temple   | Entered the Ecumenical Temple
  3342 | Temple   | Became a worshipper of Cheibriados the Contemplative
  3500 | D:4      | Reached skill level 3 in Invocations
  4106 | D:4      | Bought a cursed amulet of inaccuracy for 22 gold pieces
  4106 | D:4      | Bought a scroll of noise for 11 gold pieces
  4122 | D:5      | Entered Level 5 of the Dungeon
  4133 | D:5      | Reached XP level 8. HP: 51/57 MP: 3/16
  4318 | D:5      | Found a bloodstained altar of Trog.
  4378 | D:5      | Reached * piety under Cheibriados
  4468 | D:5      | Reached skill level 3 in Fighting
  4468 | D:5      | Reached skill level 3 in Short Blades
  4468 | D:5      | Reached skill level 3 in Long Blades
  4468 | D:5      | Reached skill level 3 in Axes
  4468 | D:5      | Reached skill level 3 in Maces & Flails
  4468 | D:5      | Reached skill level 3 in Polearms
  4468 | D:5      | Reached skill level 3 in Staves
  4468 | D:5      | Reached skill level 3 in Slings
  4468 | D:5      | Reached skill level 3 in Bows
  4468 | D:5      | Reached skill level 3 in Crossbows
  4468 | D:5      | Reached skill level 3 in Throwing
  4468 | D:5      | Reached skill level 3 in Armour
  4468 | D:5      | Reached skill level 3 in Shields
  4468 | D:5      | Reached skill level 3 in Unarmed Combat
  4468 | D:5      | Reached skill level 3 in Evocations
  5017 | D:5      | Noticed Blork the orc
  5022 | D:5      | Killed Blork the orc
  5370 | D:5      | Reached skill level 6 in Spellcasting
  5426 | D:5      | You pick up a book of Minor Magic and begin reading...
  5426 | D:5      | You add the spells Blink, Call Imp, Slow, Conjure Flame and
                  | Mephitic Cloud to your library.
  5514 | D:5      | Noticed oc3rt's ghost (amateur KoHu)
  5517 | D:5      | Found a transporter.
  5529 | D:5      | Identified the +8 dire flail of the Equinox {freeze, *Noise
                  | +Inv rC+ SInv}
  5533 | D:5      | Found a transporter.
  5829 | D:5      | Killed oc3rt's ghost
  6089 | D:6      | Reached skill level 3 in Hexes
  6089 | D:6      | Reached skill level 3 in Summonings
  6089 | D:6      | Reached skill level 3 in Necromancy
  6089 | D:6      | Reached skill level 3 in Translocations
  6089 | D:6      | Reached skill level 3 in Transmutations
  6089 | D:6      | Reached skill level 3 in Fire Magic
  6089 | D:6      | Reached skill level 3 in Ice Magic
  6089 | D:6      | Reached skill level 3 in Air Magic
  6089 | D:6      | Reached skill level 3 in Earth Magic
  6089 | D:6      | Reached skill level 3 in Poison Magic
  6089 | D:6      | Reached skill level 4 in Invocations
  6146 | D:6      | Reached skill level 6 in Dodging
  6152 | D:6      | Reached ** piety under Cheibriados
  6170 | D:6      | Reached XP level 9. HP: 39/65 MP: 1/18
  6315 | D:6      | Found Reixash's Magic Scroll Shoppe.
  6320 | D:6      | Bought a scroll of identify for 22 gold pieces
  6322 | D:6      | Bought a scroll of fog for 22 gold pieces
  6387 | D:6      | Found a shadowy altar of Dithmenos.
  6465 | D:6      | Reached skill level 4 in Fighting
  6465 | D:6      | Reached skill level 4 in Short Blades
  6465 | D:6      | Reached skill level 4 in Long Blades
  6465 | D:6      | Reached skill level 4 in Axes
  6465 | D:6      | Reached skill level 4 in Maces & Flails
  6465 | D:6      | Reached skill level 4 in Polearms
  6465 | D:6      | Reached skill level 4 in Staves
  6465 | D:6      | Reached skill level 4 in Slings
  6465 | D:6      | Reached skill level 4 in Bows
  6465 | D:6      | Reached skill level 4 in Crossbows
  6465 | D:6      | Reached skill level 4 in Throwing
  6465 | D:6      | Reached skill level 4 in Armour
  6465 | D:6      | Reached skill level 4 in Shields
  6465 | D:6      | Reached skill level 4 in Unarmed Combat
  6465 | D:6      | Reached skill level 4 in Evocations
  6591 | D:6      | You pick up a book of Geomancy and begin reading...
  6591 | D:6      | You add the spells Sandblast, Passwall, Stone Arrow,
                  | Petrify and Lee's Rapid Deconstruction to your library.
  6930 | D:7      | Found a flagged portal.
  7111 | Bailey   | Entered a bailey
  7111 | Bailey   | Noticed an orc knight
  7111 | Bailey   | Noticed an orc knight
  7123 | Bailey   | HP: 12/65 [orc knight/cursed -3 halberd (5)]
  7124 | Bailey   | Demolished by an orc warrior

Vanquished Creatures
  Grinder (D:3)
  The ghost of oc3rt the Bolt Thrower, an amateur KoHu (D:5)
  Sigmund (D:2)
  Menkaure (D:4)
  An orc warrior (D:6)
  An ogre (D:5)
  Blork the orc (D:5)
  A bullfrog (D:6)
  3 scorpions
  3 quasits (D:5)
  A bullfrog skeleton (D:5)
  2 orc priests
  Crazy Yiuf (D:2)
  7 orc wizards
  10 worker ants
  A killer bee zombie (D:6)
  A hound zombie (D:5)
  4 gnolls
  3 adders
  A white imp (D:6)
  An ufetubus (D:6)
  An adder skeleton (D:4)
  2 worms (D:3)
  3 leopard geckos
  31 orcs
  5 bats
  4 giant cockroaches
  7 goblins
  7 hobgoblins
  9 jackals
  8 kobolds
  5 quokkas
  A ball python skeleton (D:4)
  3 frilled lizards
  A jackal skeleton (D:6)
  A quokka skeleton (D:4)
  A quokka zombie (D:6)
  6 rats
141 creatures vanquished.

Vanquished Creatures (others)
  3 fulminant prisms
  A plant (D:4)
4 creatures vanquished.

Grand Total: 145 creatures vanquished

Table legend:
 A = Non-vault XP
 B = Vault XP
 C = Vault XP percentage of total XP
 D = Non-vault monster count
 E = Vault monster count
 F = Vault count percentage of total count
                 A         B        C        D         E       F
            +---------+---------+-------+---------+---------+-------
      Total |    1508 |    1295 |  46.2 |     121 |      20 |  14.2
            +---------+---------+-------+---------+---------+-------
        D:1 |      31 |       0 |   0.0 |      10 |       0 |   0.0
        D:2 |      22 |     260 |  92.2 |      12 |       2 |  14.3
        D:3 |     133 |     258 |  66.0 |      34 |       1 |   2.9
        D:4 |     298 |     172 |  36.6 |      21 |       1 |   4.5
        D:5 |     330 |     591 |  64.2 |      19 |      10 |  34.5
        D:6 |     659 |       0 |   0.0 |      23 |       0 |   0.0
        D:7 |      35 |      11 |  23.9 |       2 |       5 |  71.4
     Bailey |       0 |       3 | 100.0 |       0 |       1 | 100.0
            +---------+---------+-------+---------+---------+-------

Illustrated notes

Table legend:
 A = Kills in this place as a percentage of kills in entire the game.
 B = Kills by you in this place as a percentage of kills by you in the entire game.
 C = Kills by friends in this place as a percentage of kills by friends in the entire game.
 D = Other kills in this place as a percentage of other kills in the entire game.
 E = Experience gained in this place as a percentage of experience gained in the entire game.
 F = Experience gained in this place divided by the number of levels of this place that you have seen.
                   A       B       C       D       E      F
               +-------+-------+-------+-------+-------+----------------------
         Total | 100.0 | 100.0 |   N/A |   N/A | 100.0 | 311.4
       Dungeon |  99.3 |  99.3 |   N/A |   N/A |  99.9 | 400.0
        Bailey |   0.7 |   0.7 |   N/A |   N/A |   0.1 |   3.0
               +-------+-------+-------+-------+-------+----------------------

Table legend: (Time is in decaauts)
 A = Elapsed time spent in this place.
 B = Non-inter-level travel time spent in this place.
 C = Inter-level travel time spent in this place.
 D = Time resting spent in this place.
 E = Time spent auto-exploring this place.
 F = Levels seen in this place.
 G = Mean time per level.
                   A        B        C        D        E       F      G
               +--------+--------+--------+--------+--------+-----+--------+
         Total |   7892 |   7571 |    321 |    162 |   6613 |   9 |  876.9 |
       Dungeon |   7857 |   7546 |    311 |    162 |   6613 |   7 | 1122.4 |
        Temple |     20 |     10 |     10 |      0 |      0 |   1 |   20.0 |
        Bailey |     14 |     14 |      0 |      0 |      0 |   1 |   14.0 |
               +--------+--------+--------+--------+--------+-----+--------+

Top non-repeatable levels by time:
     D:5: 2349 daAuts
     D:2: 1412 daAuts
     D:4: 1107 daAuts
     D:6: 1010 daAuts
     D:3: 975 daAuts
     D:1: 720 daAuts
     D:7: 280 daAuts
  Temple: 20 daAuts
  Bailey: 14 daAuts
